 Dungeon Crawl Stone Soup version 0.31.0-11-ge490571c62 (webtiles) character file.

Game seed: 16452104747988268380

23 qw the Shooter (level 2, -3/16 HPs)
             Began as a Deep Elf Hunter on Feb 4, 2024.
             Frozen to death by an endoplasm (4 damage)
             ... on level 1 of the Dungeon.
             The game lasted 00:00:01 (461 turns).

qw the Shooter (Deep Elf Hunter)                     Turns: 461, Time: 00:00:02

Health: -3/16      AC:  3    Str:  8    XL:     2   Next: 72%
Magic:  4/4        EV: 12    Int: 13    God:
Gold:   5          SH:  0    Dex: 18    Spells: 1/1 levels left

rFire   . . .        a - +0 shortbow
rCold   . . .        (shield currently unavailable)
rNeg    . . .        c - +0 leather armour
rPois   .            (no helmet)
rElec   .            (no cloak)
rCorr   .            (no gloves)
SInv    .            (no boots)
Will    .....        (no amulet)
Stlth   ++           (no ring)
HPRegen 0.22/turn    (no ring)
MPRegen 0.09/turn

%: no passive effects
@: no status effects
A: no striking features
a: no special abilities


You were on level 1 of the Dungeon.
You visited 1 branch of the dungeon, and saw 1 of its levels.

You collected 5 gold pieces.


   Skills:
 - Level 1.5 Fighting
 + Level 6.4 Ranged Weapons
 - Level 2.4 Dodging
 - Level 1.2 Stealth


You had one spell level left.
You didn't know any spells.
Your spell library was empty.

Inventory:

Hand Weapons
 a - a +0 shortbow (weapon)
Armour
 c - a +0 leather armour (worn)
Scrolls
 b - a scroll of butterflies

Dungeon Overview and Level Annotations

Branches:
Dungeon (1/15)

Altars:


Message History

You shoot an arrow. The arrow hits the giant cockroach.
You kill the giant cockroach!
Found an escape hatch in the floor.
There is an open door here.
You open the door.
There is an open door here.
A frilled lizard comes into view.
You shoot an arrow.
The arrow hits the frilled lizard but does no damage.
The frilled lizard hisses angrily.
An endoplasm comes into view.
You shoot an arrow.
The arrow barely misses the frilled lizard.
You shoot an arrow.
The arrow hits the frilled lizard but does no damage.
You shoot an arrow.
The arrow barely misses the frilled lizard.
You shoot an arrow. The arrow misses the frilled lizard.
You shoot an arrow. The arrow misses the frilled lizard.
The frilled lizard bites you but does no damage.
You shoot an arrow. The arrow barely misses the endoplasm.
The endoplasm freezes you.
You are frozen.
The frilled lizard bites you.
You shoot an arrow. The arrow barely misses the endoplasm.
The endoplasm hits you but does no damage.
The frilled lizard bites you but does no damage.
You shoot an arrow. The arrow hits the endoplasm.
The endoplasm is heavily wounded.
The endoplasm freezes you.
You are frozen.
The frilled lizard closely misses you.
You shoot an arrow.
The arrow hits the endoplasm but does no damage.
The endoplasm is heavily wounded.
The frilled lizard bites you. The endoplasm freezes you.
You are frozen.
The frilled lizard bites you but does no damage.
The endoplasm freezes you.
You are frozen.
You die...

......#
##....######
77.....7...###
........%....####
####'####77.....#
#.......##77....7##
..#####..# 77.....#
..#...#..## 77...77
..'...#..># 7...@.7
..#...#...# 77..lJ7
########### #77..7
#.......# 77$.
#.8...8.# ..7
#...}...# ...
#.....8.# ...7
'.......+ ....
#..8....#


You could see an endoplasm and a frilled lizard.

Vanquished Creatures
  6 bats (D:1)
  An endoplasm (D:1)
  2 giant cockroaches (D:1)
  A goblin (D:1)
  2 jackals (D:1)
  3 kobolds (D:1)
  A quokka (D:1)
  A ball python (D:1)
  2 rats (D:1)
19 creatures vanquished.

Notes
Turn   | Place    | Note
-------+----------+-------------------------------------------
     0 | D:1      | qw the Deep Elf Hunter began the quest for the Orb.
     0 | D:1      | Reached XP level 1. HP: 12/12 MP: 3/3
     0 | D:1      | 0 ||| qw: Version: 0.3-a-160-g6735b56
     0 | D:1      | 0 ||| qw: Game counter: 5045
     0 | D:1      | 0 ||| qw: Melee chars always use a shield: true
     0 | D:1      | 0 ||| qw: God list: Okawaru
     0 | D:1      | 0 ||| qw: Allow faded altars: false
     0 | D:1      | 0 ||| qw: Do Orc after clearing Dungeon:15 true
     0 | D:1      | 0 ||| qw: Do second Lair branch before Depths: true
     0 | D:1      | 0 ||| qw: Lair rune preference: random
     0 | D:1      | 0 ||| qw: Goals: Normal
     0 | D:1      | 0 ||| PLANNING D:1-11
   102 | D:1      | HP: 3/12 [kobold/+0 dagger (2)]
   143 | D:1      | Found a faded altar of an unknown god.
   176 | D:1      | Reached skill level 6 in Ranged Weapons
   176 | D:1      | Reached XP level 2. HP: 8/16 MP: 4/4
   461 | D:1      | HP: 1/16 [frozen (4)]
   461 | D:1      | Frozen to death by an endoplasm

Levels and vault maps discovered:
D:1:      sevenhm_arrival_forest_fort_large_3, layout_rooms,
          ebering_ecumenical_altar_mist

Skill      XL: |  1 |
---------------+----+-----
Ranged Weapons | 6 |  6.4
Fighting       | |  1.5
Dodging        | |  2.4
Stealth        | |  1.2

Action                     || total
---------------------------++-------
   Fire: Shortbow          ||    63
 Armour: Leather armour    ||    33
  Dodge: Dodged            ||    31

Table legend:
 A = Non-vault XP
 B = Vault XP
 C = Vault XP percentage of total XP
 D = Non-vault monster count
 E = Vault monster count
 F = Vault count percentage of total count
                 A         B        C        D         E       F
            +---------+---------+-------+---------+---------+-------
      Total |      33 |       0 |   0.0 |      19 |       0 |   0.0
            +---------+---------+-------+---------+---------+-------
        D:1 |      33 |       0 |   0.0 |      19 |       0 |   0.0
            +---------+---------+-------+---------+---------+-------
